 Dungeon Crawl Stone Soup version 0.21-a0-24-ga372141 (webtiles) character file.

53417 Chiseanne the Tortoise (level 14, -1/186 HPs)
             Began as a Minotaur Berserker on May 25, 2017.
             Was a High Priest of Trog.
             Slain by an orc warrior
             ... wielding a +0 glaive
              (6 damage)
             ... on level 2 of the Orcish Mines.
             The game lasted 00:48:29 (14949 turns).

Chiseanne the Tortoise (Minotaur Berserker)        Turns: 14949, Time: 00:48:30

Health: -1/186     AC: 20    Str: 26    XL:     14   Next: 30%
Magic:  7/7        EV: 21    Int: 14    God:    Trog [*****.]
Gold:   451        SH:  0    Dex: 16    Spells: 13/13 levels left

rFire    + . .     SeeInvis .   a - +4 executioner's axe (antimagic) {god gift}
rCold    + . .     Gourm    .   (shield currently unavailable)
rNeg     + . .     Faith    .   o - +5 scale mail {rN+}
rPois    +         Spirit   .   T - +3 hat of Pondering {ponderous, MR+ MP+10 Int+5}
rElec    .         Reflect  .   B - scarf {rC+ rF+}
rCorr    .         Harm     .   (no gloves)
MR       ++++.                  Q - +0 pair of boots
Stlth    ..........             S - amulet of regeneration
Regen    1.9/turn               n - ring of poison resistance
MPRegen  0.1/turn               Y - +5 ring of intelligence

@: berserking (expiring), regenerating, very quick
A: retaliatory headbutt, horns 2
a: Berserk, Trog's Hand, Brothers in Arms, Burn Spellbooks, Renounce Religion


You were on level 2 of the Orcish Mines.
You worshipped Trog.
Trog was extremely pleased with you.
You were very hungry.

You visited 3 branches of the dungeon, and saw 18 of its levels.
You also visited: Sewer.

You collected 1544 gold pieces.
You spent 1093 gold pieces at shops.

Inventory:

Hand Weapons
 a - a +4 antimagic executioner's axe (weapon) {god gift}
 s - a +5 antimagic battleaxe {god gift}
 w - a +0 blowgun
Missiles
 p - 102 poisoned needles
 u - 3 tomahawks of returning (quivered)
 x - 4 throwing nets
 D - 8 curare-tipped needles
 K - 26 bolts
 R - 28 tomahawks
Armour
 o - a +5 scale mail of positive energy (worn)
 B - a scarf of resistance (worn)
 N - a +0 troll leather armour
 Q - a +0 pair of boots (worn)
 T - the +3 hat of Pondering (worn) {ponderous, MR+ MP+10 Int+5}
   (You took it off Gastronok on level 2 of the Orcish Mines)

   It affects your intelligence (+5).
   It affects your resistance to hostile enchantments.
   It affects your magic capacity (+10).
Jewellery
 n - a ring of poison resistance (left hand)
 S - an amulet of regeneration (around neck)
 Y - a +5 ring of intelligence (right hand)
Wands
 f - a wand of disintegration (9/24)
 r - a wand of confusion (19/48)
 y - a wand of enslavement (5/24)
 J - a wand of confusion (12/48)
 P - a wand of lightning (8/15)
Scrolls
 i - 6 scrolls of teleportation
 j - a scroll of recharging
 k - a scroll of immolation
 A - a scroll of blinking
 G - 5 scrolls of remove curse
 M - a scroll of identify
 V - a scroll of magic mapping
Potions
 b - 5 potions of lignification
 d - 16 potions of curing
 e - 5 potions of flight
 g - a potion of mutation
 l - 5 potions of haste
 m - a potion of cancellation
 t - 8 potions of heal wounds
 E - 2 potions of agility
 F - 2 potions of berserk rage
 H - a potion of invisibility
 I - a potion of might
 O - a potion of resistance
Books
 C - a book of Alchemy

   Spells                             Type                      Level
   a - Sublimation of Blood           Necromancy                   2
   b - Ignite Poison                  Fire/Transmutation/Poison    3
   c - Petrify                        Transmutation/Earth          4
   d - Alistair's Intoxication        Transmutation/Poison         5
   e - Irradiate                      Conjuration/Transmutation    5
   Trog disapproves of the use of such an item.
 U - a book of Debilitation

   Spells                             Type                      Level
   a - Corona                         Hexes                        1
   b - Slow                           Hexes                        2
   c - Inner Flame                    Hexes/Fire                   3
   d - Portal Projectile              Hexes/Translocation          3
   e - Cause Fear                     Hexes                        4
   f - Leda's Liquefaction            Hexes/Earth                  4
   Trog disapproves of the use of such an item.
 W - a Young Poisoner's Handbook

   Spells                             Type                      Level
   a - Sting                          Conjuration/Poison           1
   b - Poisonous Vapours              Poison/Air                   2
   c - Mephitic Cloud                 Conjuration/Poison/Air       3
   d - Olgreb's Toxic Radiance        Poison                       4
   e - Venom Bolt                     Conjuration/Poison           5
   Trog disapproves of the use of such an item.
 X - a book of Unlife

   Spells                             Type                      Level
   a - Recall                         Summoning/Translocation      3
   b - Animate Dead                   Necromancy                   4
   c - Control Undead                 Necromancy                   4
   d - Cigotuvi's Embrace             Necromancy                   5
   e - Death Channel                  Necromancy                   6
   f - Simulacrum                     Ice/Necromancy               6
   Trog disapproves of the use of such an item.
Miscellaneous
 L - a lightning rod (1/4)
Comestibles
 c - 12 bread rations
 h - 3 fruits
 q - 6 royal jellies
 z - 6 meat rations


   Skills:
 - Level 11.3 Fighting
 * Level 15.8 Axes
 * Level 15.9 Armour
 * Level 14.6 Dodging


You had 13 spell levels left.
You didn't know any spells.

Dungeon Overview and Level Annotations

Branches:
Dungeon (15/15)            Temple (0/1) D:7            Lair (0/6) D:10
    Orc (2/2) D:10            Elf (1/3) Orc:2        Vaults (0/5) D:13
 Depths (0/5) D:15

Altars:
Elyvilon
Hepliaklqana
Makhleb
Trog
Xom
The Shining One
Beogh

Shops:
D:7 *   D:11 *   D:13 (   D:14 *!=   D:15 *   Orc:1 ?

Annotations:
Orc:1 Josephine
Orc:2 exclusion: upstairs


Innate Abilities, Weirdness & Mutations

You reflexively headbutt those who attack you in melee.
You have a pair of horns on your head.


Message History

The cyclops barely misses you. The orc knight completely misses you.
The orc warrior closely misses you. The orc warrior completely misses you.
You slash the cyclops!
You kill the cyclops!
Trog accepts your kill.
You slice the orc knight!!
The orc knight no longer looks unusually strong.
The orc misses you.
You hit the orc knight. You headbutt the orc knight.
You kill the orc knight!
Trog accepts your kill.
You feel the effects of Trog's Hand fading.
The orc warrior closely misses you.
The orc warrior hits you from afar with a glaive!!
* * * LOW HITPOINT WARNING * * *
The orc misses you. The orc warrior barely misses you. You furiously retaliate!
You headbutt the orc warrior!
The orc warrior hits you from afar with a glaive.
You die...

##.[#....#....## .
#...#..##.....## ..
##.#..)........## ...
####)..........##
....####### #..[).........#
.......8..###.....#........
.....(...o[##))..###.......
........[o[([.....#........
........)o@)(....#.........
.......8.#(##....##........
....#########.....)>......#
... #.............. ..
#..[..........# .
##.............
##........##.#
#..........###
###...........##


You could see 2 orc warriors and an orc.

Vanquished Creatures
  Saint Roka (Orc:2)
  Rupert (D:14)
  Gastronok (Orc:2)
  Louise (D:14)
  A vault guard (D:13)
  A hydra (D:15)
  Harold (D:11)
  A centaur warrior (D:14)
  7 two-headed ogres
  An ogre mage (D:15)
  A death knight (D:14)
  A tengu warrior (D:15)
  An orc high priest (Orc:2)
  2 unseen horrors
  2 wizards (D:15)
  A lindwurm (D:13)
  6 orc knights
  12 ugly things
  5 orc sorcerers
  A manticore (D:14)
  4 cyclopes
  Maurice (Orc:1)
  Psyche (D:11)
  5 gargoyles
  4 trolls
  Grinder (D:5)
  3 hippogriffs
  8 slime creatures
  2 shadows
  6 yaks
  5 wraiths
  A vampire (D:14)
  Eustachio (D:5)
  Grum (D:8)
  A hungry ghost (D:15)
  2 vampire mosquitoes (D:13)
  A soldier ant (D:13)
  4 wargs (Orc:2)
  2 water moccasins
  4 sky beasts
  23 orc warriors
  5 ice beasts
  2 eyes of draining
  A black bear (D:13)
  2 wolves (D:8)
  3 phantoms
  3 boggarts (D:15)
  4 necrophages
  10 ogres
  3 centaurs
  4 crocodiles
  5 big kobolds
  10 bullfrogs
  4 scorpions
  14 killer bees
  13 wights
  6 howler monkeys
  4 bullfrog zombies
  4 crimson imps
  2 quasits
  19 orc wizards
  8 hounds
  9 centaur skeletons
  20 orc priests
  2 bullfrog skeletons
  A gnoll shaman (Orc:2)
  2 jellies
  Terence (D:2)
  Ijyb (D:4)
  5 iguanas
  11 worker ants
  A hound skeleton (D:6)
  A worker ant zombie (D:5)
  9 gnolls
  17 adders
  3 river rats (Sewer)
  6 shadow imps
  An ooze (D:1)
  2 adder skeletons
  4 worms
  A dart slug (D:1)
  11 leopard geckos
  90 orcs
  4 bats
  10 giant cockroaches
  3 goblins (D:1)
  7 hobgoblins
  20 jackals
  6 quokkas
  7 ball pythons
  13 frilled lizards
  A jackal zombie (D:5)
  28 kobolds
  A quokka skeleton (D:4)
  15 rats
567 creatures vanquished.

Vanquished Creatures (others)
  2 fungi (D:10)
  A plant (D:10)
3 creatures vanquished.

Grand Total: 570 creatures vanquished

Notes
Turn   | Place    | Note
-------+----------+-------------------------------------------
     0 | D:1      | Chiseanne the Minotaur Berserker began the quest for the Orb.
     0 | D:1      | Reached XP level 1. HP: 19/19 MP: 0/0
     1 | D:1      | Found a runed door.
   107 | D:1      | Reached XP level 2. HP: 23/27 MP: 1/1
   545 | D:1      | Reached XP level 3. HP: 31/33 MP: 2/2
   547 | D:1      | Reached ** piety under Trog
  1192 | D:2      | Reached XP level 4. HP: 36/40 MP: 3/3
  1250 | D:2      | Noticed Terence
  1268 | D:2      | Killed Terence
  1626 | D:3      | Reached XP level 5. HP: 25/47 MP: 4/4
  1627 | D:3      | Reached skill level 5 in Fighting
  1829 | D:3      | Noticed an ogre
  1834 | D:3      | Killed an ogre
  1834 | D:3      | Reached XP level 6. HP: 56/56 MP: 5/5
  1944 | D:3      | Reached *** piety under Trog
  2429 | D:4      | Found a glowing drain.
  2508 | D:4      | Reached skill level 5 in Axes
  2524 | Sewer    | Entered a sewer
  3101 | D:4      | Reached skill level 5 in Armour
  3108 | D:4      | Reached **** piety under Trog
  3134 | D:4      | Noticed Ijyb
  3141 | D:4      | Killed Ijyb
  3219 | D:4      | Reached XP level 7. HP: 62/62 MP: 6/6
  3290 | D:5      | Entered Level 5 of the Dungeon
  3290 | D:5      | Found a shimmering altar of Xom.
  3314 | D:5      | Noticed Grinder
  3338 | D:5      | Killed Grinder
  3338 | D:5      | Reached skill level 5 in Dodging
  3561 | D:5      | Noticed Eustachio
  3580 | D:5      | Killed Eustachio
  3631 | D:5      | Reached XP level 8. HP: 71/71 MP: 7/7
  3964 | D:5      | Received a gift from Trog
  4799 | D:6      | Reached XP level 9. HP: 62/80 MP: 8/8
  5191 | D:7      | Reached ***** piety under Trog
  5345 | D:7      | Found a hazy altar of Hepliaklqana.
  5386 | D:7      | Found Miuxar's General Store.
  5498 | D:7      | Bought a scroll of silence for 97 gold pieces
  5498 | D:7      | Bought a potion of curing for 39 gold pieces
  5498 | D:7      | Bought a potion of brilliance for 52 gold pieces
  5498 | D:7      | Bought a potion of resistance for 130 gold pieces
  5704 | D:7      | Found a staircase to the Ecumenical Temple.
  5706 | D:7      | Noticed a two-headed ogre
  5723 | D:7      | Killed a two-headed ogre
  6023 | D:7      | Found a white marble altar of Elyvilon.
  6045 | D:7      | Found a burning altar of Makhleb.
  6057 | D:7      | Found a glowing golden altar of the Shining One.
  6122 | D:8      | Noticed Grum
  6133 | D:8      | Killed Grum
  6407 | D:8      | Reached XP level 10. HP: 90/90 MP: 9/9
  6603 | D:8      | Received a gift from Trog
  7646 | D:10     | Entered Level 10 of the Dungeon
  7647 | D:10     | Noticed a gargoyle
  7657 | D:10     | Killed a gargoyle
  7657 | D:10     | Reached skill level 10 in Axes
  7954 | D:10     | Reached skill level 10 in Fighting
  8053 | D:10     | Reached skill level 10 in Armour
  8163 | D:10     | Found a staircase to the Lair.
  8317 | D:10     | Found a roughly hewn altar of Beogh.
  8320 | D:10     | Found a staircase to the Orcish Mines.
  8666 | D:10     | Received a gift from Trog
  8855 | D:11     | Noticed a gargoyle
  8864 | D:11     | Killed a gargoyle
  8864 | D:11     | Reached XP level 11. HP: 93/100 MP: 3/10
  8920 | D:11     | Found Ihalo's Elemental Accessories.
  8946 | D:11     | Noticed a red ugly thing
  8953 | D:11     | Killed a red ugly thing
  8995 | D:11     | Noticed Harold
  9006 | D:11     | Killed Harold
  9006 | D:11     | Reached skill level 10 in Dodging
  9049 | D:11     | Noticed a two-headed ogre
  9061 | D:11     | Killed a two-headed ogre
  9278 | D:11     | Noticed Psyche
  9285 | D:11     | Killed Psyche
  9632 | D:12     | Received a gift from Trog
 10902 | D:13     | Noticed a lindwurm
 10906 | D:13     | Killed a lindwurm
 10906 | D:13     | Reached XP level 12. HP: 86/109 MP: 3/11
 10907 | D:13     | Noticed a vault guard
 10921 | D:13     | Killed a vault guard
 10984 | D:13     | Found a gate to the Vaults.
 11241 | D:13     | Found Ezuoplit's Antique Weapon Shop.
 11449 | D:14     | Noticed a two-headed ogre
 11459 | D:14     | Noticed Rupert
 11459 | D:14     | Noticed a two-headed ogre
 11465 | D:14     | Killed a two-headed ogre
 11570 | D:14     | Noticed a centaur warrior
 11579 | D:14     | Killed a centaur warrior
 11818 | D:14     | Killed a two-headed ogre
 11883 | D:14     | Got a warped flail
 11889 | D:14     | Identified the +6 flail of Sefiheachu {crush, *Corrode rElec rF+ rN+} (You found it on level 14 of the Dungeon)
 11942 | D:14     | Found Fuysi's Distillery.
 11949 | D:14     | Bought a potion of mutation for 136 gold pieces
 11949 | D:14     | Bought a potion of haste for 170 gold pieces
 11949 | D:14     | Bought a potion of haste for 170 gold pieces
 11949 | D:14     | Bought a potion of curing for 51 gold pieces
 11949 | D:14     | Bought a potion of curing for 51 gold pieces
 11949 | D:14     | Bought a potion of curing for 51 gold pieces
 11949 | D:14     | Bought a potion of brilliance for 68 gold pieces
 11991 | D:14     | Killed Rupert
 11991 | D:14     | Reached XP level 13. HP: 116/116 MP: 4/12
 11999 | D:14     | Found Uviskuang's Jewellery Shoppe.
 12047 | D:14     | Found Tusmofif's Assorted Antiques.
 12143 | D:14     | Noticed Louise
 12152 | D:14     | Killed Louise
 12297 | D:15     | Entered Level 15 of the Dungeon
 12449 | D:15     | Paralysed by an orc sorcerer for 6 turns
 12480 | D:15     | Found a staircase to the Depths.
 12846 | D:15     | Found Guadgh's Assorted Antiques.
 12916 | D:15     | Bought a scroll labeled KAOTAAMAQIS for 24 gold pieces
 12916 | D:15     | Bought a scroll labeled YGRIOM VYSENK for 24 gold pieces
 13472 | D:15     | Received a gift from Trog
 13472 | D:15     | Reached skill level 15 in Axes
 13478 | D:15     | Got a steaming war axe {god gift}
 13654 | D:15     | Identified the +1 war axe of Honour {god gift, holy, Str+3} (Trog gifted it to you on level 15 of the Dungeon)
 13856 | Orc:1    | Entered Level 1 of the Orcish Mines
 13856 | Orc:1    | Found Nypimal's Magic Scroll Shop.
 13856 | Orc:1    | Noticed Maurice
 13867 | Orc:1    | Killed Maurice
 13867 | Orc:1    | Reached skill level 15 in Armour
 13903 | Orc:1    | Bought a scroll of identify for 30 gold pieces
 14042 | Orc:2    | Entered Level 2 of the Orcish Mines
 14060 | Orc:2    | Found a bloodstained altar of Trog.
 14291 | Orc:2    | Found a staircase to the Elven Halls.
 14494 | Orc:1    | Noticed Gastronok
 14494 | Orc:1    | Noticed Josephine
 14507 | Orc:2    | Killed Gastronok
 14507 | Orc:2    | Reached XP level 14. HP: 33/124 MP: 4/13
 14764 | Elf:1    | Entered Level 1 of the Elven Halls
 14812 | Orc:2    | Noticed Saint Roka
 14812 | Orc:2    | Received a gift from Trog
 14839 | Orc:2    | Killed Saint Roka
 14948 | Orc:2    | HP: 3/186 [orc warrior/glaive (26)]
 14949 | Orc:2    | Slain by an orc warrior

Vault maps used:
D:1:      dpeg_arrival_caged_fury, patterned_corridor
D:2:      uniq_terence
D:4:      first_bread, cheibrodos_sewer_entry_drain, uniq_ijyb
D:5:      xom_butterflies, lemuel_old_faithful, uniq_grinder, uniq_eustachio
D:6:      minmay_misc_feat_columns
D:7:      nicolae_overflow_quartered_altars, temple_doors_e, serial_shops, shop,
          grunt_ogre_cave, hangedman_decor_clover_reticule
D:8:      uniq_grum
D:10:     grunt_lair_entry_orc_guard_hut, david_orc_5, minivault_26
D:11:     nicolae_elemental_shop, uniq_psyche, uniq_harold
D:12:     serial_glass, glass_columns_a, glass_columns_b, glass_columns_a,
          glass_columns_b, glass_columns_c
D:13:     david_vaults_4, serial_shops, shop
D:14:     minmay_misc_feat_enclosed, serial_shops, shop_statue,
          nicolae_shop_behind_doors, shop, uniq_louise, uniq_rupert
D:15:     grunt_enter_depths_magical_seal, serial_shops, shop
Orc:1:    serial_shops, shop, sword_in_stone, uniq_maurice, uniq_gastronok,
          uniq_fannar, uniq_josephine
Orc:2:    grunt_orc_cross, basic_altar
Elf:1:    basic_altar, kennysheep_underground_church, grunt_megastairs_5,
          minmay_shop_star
Sewer:    sewer_co_cracked_pipes

Skill      XL: |  1  2  3  4  5  6  7  8  9 10 11 12 13 |
---------------+----------------------------------------+-----
Armour         | 3 4 5 6 7 8 10 12 13 15 | 15.9
Fighting       | 4 5 6 7 9 10 11 | 11.3
Dodging        | 3 4 5 7 8 9 11 12 14 | 14.6
Axes           | 4 5 6 7 9 10 12 14 15 | 15.8

Action                   |  1- 3 |  4- 6 |  7- 9 | 10-12 | 13-15 || total
-------------------------+-------+-------+-------+-------+-------++-------
Melee: Hand axe          |    87 |    52 |       |       |       ||   139
       Headbutt          |     8 |    27 |    48 |   108 |    70 ||   261
       Mace              |       |   114 |   171 |       |       ||   285
       War axe           |       |       |    54 |    17 |       ||    71
       Battleaxe         |       |       |       |   231 |       ||   231
       Executioner's axe |       |       |       |   218 |   262 ||   480
Throw: Tomahawk          |       |       |       |     2 |     1 ||     3
Invok: Berserk           |     1 |     1 |     5 |     7 |     8 ||    22
       Trog's Hand       |       |       |       |     9 |    13 ||    22
       Burn Spellbooks   |       |       |       |     2 |       ||     2
Evoke: Wand              |       |       |    12 |     5 |       ||    17
       Lightning rod     |       |       |       |       |     3 ||     3
  Use: Scroll            |       |    11 |    13 |    11 |     5 ||    40
       Potion            |       |       |       |     1 |     2 ||     3
  Eat: Chunk             |     2 |     8 |    14 |    28 |    18 ||    70
       Fruit             |       |       |       |     1 |     3 ||     4
Armor: Chain mail        |    31 |    91 |    26 |       |       ||   148
       Animal skin       |     2 |       |       |       |       ||     2
       Scale mail        |       |       |    65 |   199 |   127 ||   391
Dodge: Dodged            |    54 |    87 |   183 |   451 |   341 ||  1116
